[Event "Jeux du Barreau 2019"]
[Site "Paris, France"]
[Date "2019.07.10"]
[Round "1.1"]
[White "Leblic, Maximilien"]
[Black "Mungunkhuu, Mijgee"]
[Result "0-1"]
[TimeControl "15+3"]
[WhiteElo "1289"]
[BlackElo "2219"]

1. e4 d6 2. d4 Nd7 3. Nf3 c6 4. Nc3 e5 5. Bg5 Ngf6 6. Be2 Be7 7. O-O O-O 8. Re1 Qc7 9. Bc4 b5 10. Bb3 a5 11. a3 Rb8 12.
Bxf6 Nxf6 13. Qd2 b4 14. Nd1 c5 15. c3 c4 16. Bc2 b3 17. Bb1 Bb7 18. d5 Bc8 19. Ne3 Bd7 20. Qe2 Rbc8 21.
Nf5 Bxf5 22. exf5 Nxd5 23. Be4 Nf6 24. Rad1 Rfd8 25. Qd2 d5 26. Bb1 e4 27. Nd4 Bd6 28. Nb5 Qd7 29. Nxd6 Qxd6 30.
Bxe4 Re8 31. Bf3 h6 32. h3 Rcd8 33. Rxe8+ Rxe8 34. Bxd5 Nxd5 35. Qxd5 Re1+ 0-1

[Event "Jeux du Barreau 2019"]
[Site "Paris, France"]
[Date "2019.07.10"]
[Round "1.2"]
[White "Vandeweeghe, Simon"]
[Black "Mangenot, Valentin"]
[Result "1-0"]
[TimeControl "15+3"]
[WhiteElo "2036"]
[BlackElo "1405"]

1. d4 e6 2. c4 Nf6 3. Nf3 d5 4. Nc3 Be7 5. Bf4 O-O 6. e3 c5 7. Bd3 Nc6 8. h3 a6 9. O-O dxc4 10.
Bxc4 b5 11. Bd3 c4 12. Bb1 Bb7 13. a4 b4 14. Ne4 Nd5 15. Bg3 Rc8 16. Qc2 f5 17. Nc5 Bxc5 18. dxc5 c3 19. Bd6 Rf7 20.
Ba2 Qd7 21. Bxd5 exd5 22. bxc3 b3 23. Qxb3 Na5 24. Qc2 Nc4 25. Rfb1 Nxd6 26. cxd6 Qxd6 27. Qd3 Ba8 28. Nd4 f4 29. a5 fxe3 30. Qxe3 Qf6 31. Rb6 Rxc3 32. Qxc3 Qxf2+ 33. Kh1 h6 34. Rab1 Qa2 35. Rb8+ Kh7 36. Qd3+ g6 37. Rxa8 Qxa5 38. Rab8 Qc7 39. R8b7 Qf4 40. Rxf7+ Qxf7 41.
Qb3 1-0

[Event "Jeux du Barreau 2019"]
[Site "Paris, France"]
[Date "2019.07.10"]
[Round "1.3"]
[White "Constant, Arnaud"]
[Black "Aflalo, Sophie"]
[Result "0-1"]
[TimeControl "15+3"]
[WhiteElo "1399"]
[BlackElo "2094"]

1. e4 c5 2. Nf3 Nc6 3. Nc3 Nf6 4. Bb5 Nd4 5. d3 a6 6. Ba4 Qc7 7. h3 e6 8. Bg5 Be7 9. e5 Nxf3+ 10. Qxf3 Qxe5+ 11. Qe3 Qxe3+ 12. Bxe3 b5 13. Bxb5 axb5 14. Nxb5 O-O 15. O-O d5 16. d4 c4 17. c3 Bd7 18.
Na3 Bxa3 19. bxa3 Rxa3 20. Bd2 Rfa8 21. Bg5 Ne4 0-1

[Event "Jeux du Barreau 2019"]
[Site "Paris, France"]
[Date "2019.07.10"]
[Round "1.5"]
[White "De Vareilles-Sommier, Ferdinand"]
[Black "Chanel, Virgile"]
[Result "0-1"]
[TimeControl "15+3"]
[WhiteElo "1399"]
[BlackElo "1991"]

1. e4 d6 2. d4 Nf6 3. Nc3 Nbd7 4. Nf3 e5 5. dxe5 dxe5 6. Bb5 c6 7. Bc4 Be7 8. Ng5 O-O 9. O-O b5 10. Bb3 Qc7 11. Re1 h6 12. Nf3 Nc5 13.
Be3 Ncxe4 14. Nxe4 Nxe4 15. Bxh6 Nxf2 16. Kxf2 gxh6 17. Nxe5 Bc5+ 18. Kf1 Be6 19. Bxe6 fxe6+ 20. Nf3 Rxf3+ 21. Qxf3 Rf8 22. Qxf8+ Kxf8 23. Rxe6 Qf7+ 24. Ke1 Qxe6+ 0-1

[Event "Jeux du Barreau 2019"]
[Site "Paris, France"]
[Date "2019.07.10"]
[Round "1.6"]
[White "Gautier, Joel"]
[Black "Delage, Pierre Luc"]
[Result "0-1"]
[TimeControl "15+3"]
[WhiteElo "1975"]
[BlackElo "1399"]

1. e4 e5 2. Bc4 Nf6 3. d4 exd4 4. Nf3 Bb4+ 5. c3 dxc3 6. bxc3 Bc5 7. e5 Ne4 8. Qd5 Bxf2+ 9. Kf1 O-O 10.
Qxe4 Bb6 11. Ng5 g6 12. h4 d5 13. Bxd5 Bf5 14. Qc4 Qe7 15. h5 c6 16. Bf3 Qxe5 17. hxg6 Bxg6 18. Qh4 Bd3+ 19. Be2 Qxe2# 0-1

[Event "Jeux du Barreau 2019"]
[Site "Paris, France"]
[Date "2019.07.10"]
[Round "1.7"]
[White "Abulius, Thomas"]
[Black "Spirta, Boris"]
[Result "0-1"]
[TimeControl "15+3"]
[WhiteElo "1390"]
[BlackElo "1811"]

1. d4 d6 2. c4 Nf6 3. Nc3 g6 4. e4 Bg7 5. h3 O-O 6. Nf3 e5 7. dxe5 dxe5 8. Qxd8 Rxd8 9. Bg5 Re8 10.
O-O-O c6 11. Be2 Nbd7 12. Rd6 h6 13. Be3 Nb6 14. c5 Nbd7 15. Rd3 Nf8 16. Nd2 Be6 17. Nb3 Bc4 18. Rd2 Bxe2 19.
Rxe2 Ne6 20. g3 a5 21. a4 Red8 22. Rd1 Rxd1+ 23. Kxd1 Rd8+ 24. Rd2 Rxd2+ 25. Kxd2 Nd7 26. Nxa5 Ndxc5 27. b4 Na6 28. Nxb7 Nxb4 29. Na5 Kh7 30.
Bb6 Bf8 31. Nc4 Bc5 32. Bxc5 Nxc5 33. Nxe5 f6 34. Nf7 Kg7 35. Nd8 Kf8 36. a5 Ke7 37. Nxc6+ Nxc6 38. Ke3 Nxa5 39. Nd5+ Ke6 40. h4 Nab3 41. f3 Na5 42. Nc7+ Kd6 43. Ne8+ Ke7 44. Nc7 Nc6 45. Nd5+ Ke6 46. Nf4+ Kf7 47. Nd5 Ne5 48.
f4 Ned7 49. Kd4 Ne6+ 50. Ke3 g5 51. hxg5 fxg5 52. fxg5 Nxg5 53. Nf4 Nf6 54. e5 Nd7 55. g4 Nf8 56. Nh5 Nfe6 57. Ng3 Kg6 58. Ne4 Nc5 59. Nf6 0-1

[Event "Jeux du Barreau 2019"]
[Site "Paris, France"]
[Date "2019.07.10"]
[Round "1.8"]
[White "Clair, Michael"]
[Black "Lanoe-Campbell, Luca"]
[Result "1-0"]
[TimeControl "15+3"]
[WhiteElo "1726"]
[BlackElo "1379"]

1. e4 c6 2. d4 d5 3. Nd2 dxe4 4. Nxe4 Bf5 5. Ng3 Bg6 6. Nh3 e5 7. dxe5 Qxd1+ 8. Kxd1 Bc5 9. Bg5 Nd7 10.
f4 h6 11. Bh4 Be7 12. Bxe7 Nxe7 13. Bc4 b5 14. Bb3 Nc5 15. Ke2 Nxb3 16. cxb3 O-O 17. Rad1 h5 18. Nf1 Be4 19. Ne3 Nf5 20.
Rhg1 Rad8 21. Nxf5 Bxf5 22. Nf2 Rxd1 23. Rxd1 Re8 24. Kf3 c5 25. h3 h4 26. Ne4 Bxe4+ 27. Kxe4 Rc8 28. Rd7 c4 29. Rxa7 cxb3 30. axb3 Rc2 31. f5 Rxg2 32. Kf4 Rxb2 33.
e6 fxe6 34. fxe6 Rf2+ 35. Ke5 Re2+ 36.
Kd6 g5 37. e7 1-0

[Event "Jeux du Barreau 2019"]
[Site "Paris, France"]
[Date "2019.07.10"]
[Round "1.9"]
[White "Lepetit, Jean Pierre"]
[Black "Beaulier, Benjamin"]
[Result "0-1"]
[TimeControl "15+3"]
[WhiteElo "1078"]
[BlackElo "1658"]

1. e4 e6 2. Nf3 d5 3. exd5 exd5 4. d4 Nf6 5. Nc3 Be7 6. Bd3 Bg4 7. O-O O-O 8. h3 Bh5 9. b3 Nc6 10.
Bb2 Nxd4 11. Rc1 c5 12. g4 Nxf3+ 13. Qxf3 Bg6 14. Bxg6 fxg6 15. Rcd1 Ne4 16. Qd3 Nxc3 17. Bxc3 d4 18.
Bb2 Qd5 19. Rfe1 Bh4 20. Re2 Rf3 21. Qc4 Qxc4 22. bxc4 Raf8 23. Rdd2 Rxh3 24. Ba3 b6 25. Rd3 Rff3 26. Rxf3 Rxf3 27.
Kg2 Rxa3 28. Re8+ Kf7 29. Re4 Rxa2 30. Re5 Rxc2 31. Kh3 Bf6 32. Re4 a5 33. Rf4 Ke7 34. g5 Bxg5 35. Re4+ Kf6 36.
Kg4 h5+ 37. Kf3 a4 0-1

[Event "Jeux du Barreau 2019"]
[Site "Paris, France"]
[Date "2019.07.10"]
[Round "1.10"]
[White "Levy, David"]
[Black "Rabbe, Laurent"]
[Result "1-0"]
[TimeControl "15+3"]
[WhiteElo "1511"]
[BlackElo "1399"]

1. d4 d5 2. c4 e6 3. Nc3 Nc6 4. Nf3 Bb4 5. Bg5 Nf6 6. e3 O-O 7. Bd3 a6 8. O-O dxc4 9. Bxc4 b5 10.
Bb3 Qd6 11. Bf4 Qe7 12. h3 e5 13. dxe5 Rd8 14. exf6 Qxf6 15. Qc2 Bxh3 16. Nd5 Qe6 17. Ng5 Bf5 18. Nxe6 Bxc2 19. Nxd8 Rxd8 20.
Bxc2 Rxd5 21. Be4 Rh5 22. Bxc6 g5 23. Bxc7 Kg7 24. Rad1 Rh6 25. Bf3 f5 26. Be5+ Kg6 27. Rd7 g4 28.
Be2 Kg5 29. Bf4+ Kh4 30. Bxh6 g3 31. Rd4+ 1-0

[Event "Jeux du Barreau 2019"]
[Site "Paris, France"]
[Date "2019.07.10"]
[Round "2.1"]
[White "Mungunkhuu, Mijgee"]
[Black "Spirta, Boris"]
[Result "1-0"]
[TimeControl "15+3"]
[WhiteElo "2219"]
[BlackElo "1811"]

1. d4 d6 2. Nf3 Nf6 3. e3 g6 4. Nbd2 Bg7 5. Bd3 O-O 6. O-O Nbd7 7. c4 e5 8. Qc2 c5 9. dxe5 Nxe5 10.
Nxe5 dxe5 11. e4 Nh5 12. Nf3 Nf4 13. Bxf4 exf4 14. Rad1 Qb6 15. b3 Bg4 16. Be2 Rfe8 17. Rd5 f5 18.
h3 fxe4 19. hxg4 exf3 20. Bxf3 Bd4 21. Qd2 Rad8 22. Qxf4 Qe6 23. Rxd8 Rxd8 1-0

[Event "Jeux du Barreau 2019"]
[Site "Paris, France"]
[Date "2019.07.10"]
[Round "2.2"]
[White "Beaulier, Benjamin"]
[Black "Vandeweeghe, Simon"]
[Result "0-1"]
[TimeControl "15+3"]
[WhiteElo "1658"]
[BlackElo "2036"]

1. e4 c5 2. d3 g6 3. g3 Bg7 4. Bg2 e6 5. f4 Ne7 6. Nf3 O-O 7. O-O d5 8. c3 Nbc6 9. Na3 b6 10.
Nc2 Ba6 11. Rf2 dxe4 12. Nfe1 exd3 13. Ne3 Qc7 14. Rd2 Rad8 15. Qa4 Bb7 16. Nxd3 a6 17. Qc2 e5 18. Rf2 exf4 19. Nxf4 Ne5 20.
Bxb7 Qxb7 21. Qe2 b5 22. Bd2 Rfe8 23. Qf1 Rxd2 24. Rxd2 Nf3+ 25. Kf2 Nxd2 26. Qe2 Ne4+ 27. Kf1 f5 28.
Rd1 c4 29. Qe1 Nc6 30. Ne2 Ne5 31. Rd5 Nd3 32. Qb1 Nd2+ 0-1

[Event "Jeux du Barreau 2019"]
[Site "Paris, France"]
[Date "2019.07.10"]
[Round "2.3"]
[White "Aflalo, Sophie"]
[Black "Clair, Michael"]
[Result "1-0"]
[TimeControl "15+3"]
[WhiteElo "2094"]
[BlackElo "1726"]

1. e4 d6 2. Nc3 Nf6 3. f4 d5 4. e5 d4 5. exf6 dxc3 6. fxg7 cxd2+ 7. Bxd2 Bxg7 8. c3 Nc6 9. Bc4 Qd6 10. Qe2 Bd7 11. Nf3 e6 12.
O-O Qc5+ 13. Be3 Qh5 14. Qf2 Bf8 15. b4 Rg8 16. a4 Ne7 17. Be2 Nf5 18.
Nd4 Qg6 19. Nxf5 Qxf5 20. Bf3 Bc6 21. Bxc6+ bxc6 22. Rad1 Bd6 23. Qf3 Ke7 24. Qxc6 Qc2 25. f5 f6 26. Rxd6 cxd6 27. Qb7+ Kf8 28.
Qxa8+ 1-0

[Event "Jeux du Barreau 2019"]
[Site "Paris, France"]
[Date "2019.07.10"]
[Round "2.4"]
[White "Delage, Pierre Luc"]
[Black "Rachid, Danial"]
[Result "0-1"]
[TimeControl "15+3"]
[WhiteElo "1399"]
[BlackElo "2020"]

1. e4 e6 2. Nf3 b6 3. Nc3 Bb7 4. d4 Be7 5. Bd3 Nf6 6. e5 Nd5 7. Ne4 f5 8. exf6 Nxf6 9. Nxf6+ Bxf6 10.
Be3 Nc6 11. c3 Qe7 12. Qe2 O-O-O 13. Ba6 g5 14. Bxb7+ Kxb7 15. O-O h5 16. Qd2 g4 17. Ng5 Rdg8 18. Ne4 h4 19. Nxf6 Qxf6 20.
d5 Ne5 21. dxe6 Qxe6 22. Bd4 h3 23. Bxe5 Qxe5 24. g3 Qe4 25. f3 gxf3 26. Qf2 Rf8 27. Rae1 Qc4 28. Re3 Qc5 29. Kh1 a5 30.
Rxf3 Qxf2 31. R3xf2 Rxf2 32. Rxf2 Re8 33. Rf1 Re2 34. Kg1 Rxb2 35. Rf7 Kc6 36. a4 Rc2 37. Rh7 Rxc3 38. Rxh3 Rc4 39.
Rh6+ d6 40. Kg2 Rxa4 41. Kf2 Ra2+ 42. Kf3 a4 43. Rh4 a3 44.
Rc4+ Kb5 45. Rc3 Kb4 46. Rd3 Rxh2 47. Rd4+ Kc3 48. Ke3 Re2 49. Kxe2 Kxd4 50. g4 Ke5 51. g5 Kf5 52. Kd2 a2 53. Kc2 a1=Q 54. g6 Kxg6 55.
Kd2 Qa3 56. Ke2 Kf5 57. Kd2 Ke4 58. Ke2 Qb2+ 59. Kf1 Kf3 60. Kg1 Qg2# 0-1

[Event "Jeux du Barreau 2019"]
[Site "Paris, France"]
[Date "2019.07.10"]
[Round "2.5"]
[White "Chanel, Virgile"]
[Black "Levy, David"]
[Result "1-0"]
[TimeControl "15+3"]
[WhiteElo "1991"]
[BlackElo "1511"]

1. e4 c6 2. d4 d5 3. exd5 Qxd5 4. c4 Qa5+ 5. Nc3 Nf6 6. Nf3 Bg4 7. Be2 e6 8. O-O Bd6 9. Re1 O-O 10.
Be3 Nbd7 11. Nd2 Bf5 12. Bf3 Rfe8 13. Nde4 Be7 14. Bf4 Nxe4 15. Nxe4 Nf6 16. Nd6 Bxd6 17. Bxd6 Rad8 18. c5 Nd5 19.
a3 b6 20. b4 Qa6 21. Qb3 Qb7 22. Re2 Nc7 23. b5 Nd5 24. Rae1 Qd7 25. a4 h6 26. g3 Rc8 27. Kg2 g5 28.
h3 Kg7 29. Kh2 Kg8 30. bxc6 Qxc6 31. Bxd5 exd5 32. Rxe8+ Rxe8 33. Rxe8+ Qxe8 34. Qxd5 Qd7 35. Qa8+ Kg7 36. Qf8+ Kh7 37. Be5 Be6 38. Qg7# 1-0

[Event "Jeux du Barreau 2019"]
[Site "Paris, France"]
[Date "2019.07.10"]
[Round "2.6"]
[White "De Vareilles-Sommier, Ferdinand"]
[Black "Gautier, Joel"]
[Result "0-1"]
[TimeControl "15+3"]
[WhiteElo "1399"]
[BlackElo "1975"]

1. e4 e6 2. Nf3 d5 3. exd5 exd5 4. d4 Bd6 5. Nc3 Ne7 6. Qe2 c6 7. Qe3 O-O 8. Bd3 Nf5 9. Bxf5 Bxf5 10.
Qe2 Re8 11. Ne5 f6 12. Bf4 fxe5 13. dxe5 Nd7 14. Qh5 Bg6 15. Qg5 Qxg5 16. Bxg5 Rxe5+ 17. Be3 d4 18. O-O dxe3 19. fxe3 Bc5 20.
Rad1 Nf6 21. Kh1 Rae8 22. e4 Bxe4 23. Nxe4 Nxe4 24. Rd7 Nf2+ 25. Kg1 Re1 0-1

[Event "Jeux du Barreau 2019"]
[Site "Paris, France"]
[Date "2019.07.10"]
[Round "2.7"]
[White "Lanoe-Campbell, Luca"]
[Black "Leblic, Maximilien"]
[Result "0-1"]
[TimeControl "15+3"]
[WhiteElo "1379"]
[BlackElo "1289"]

1. e4 e5 2. Nf3 Nc6 3. d4 d6 4. Bb5 Bd7 5. dxe5 Nxe5 6.
Bxd7+ Nxd7 7. Nc3 Ngf6 8. O-O Be7 9.
Bf4 O-O 10. Re1 Re8 11. Nd5 c6 12. Nxe7+ Qxe7 13. Bxd6 Qe6 14. e5 Nd5 15. Ng5 Qg6 16. Qd2 f6 17. e6 Qxg5 18. exd7 Qxd2 19.
Rxe8+ Kf7 20. d8=Q Rxd8 21. Rxd8 Qxc2 22. Rd7+ Kg6 23. Rxb7 a6 24. Bf8 a5 25. Rxg7+ Kf5 26. g4+ Kf4 27.
Bd6+ Kf3 0-1

[Event "Jeux du Barreau 2019"]
[Site "Paris, France"]
[Date "2019.07.10"]
[Round "2.8"]
[White "Mangenot, Valentin"]
[Black "Abulius, Thomas"]
[Result "0-1"]
[TimeControl "15+3"]
[WhiteElo "1405"]
[BlackElo "1390"]

1. d4 Nf6 2. c4 g6 3. Nc3 Bg7 4. e4 d6 5. h3 O-O 6. Be3 e5 7. d5 Nbd7 8. b4 Ne8 9. Bd3 f5 10. Rc1 fxe4 11. Nxe4 Nef6 12.
Nf3 Nxe4 13. Bxe4 Nf6 14. Nd2 Bf5 15. Bxf5 gxf5 16. Nf3 h6 17. O-O Qe8 18. c5 Qf7 19. c6 b6 20. Qb3 Nxd5 21. a4 e4 22. Nd2 f4 23.
Bxb6 Nxb6 24. Qa3 Rae8 25. a5 Nd5 26. b5 e3 27. fxe3 Nxe3 28. Rf2 Bd4 29. Nf3 Bc5 30. Rxc5 dxc5 31.
Qxc5 Ra8 32. Ne5 Qd5 33. Qxd5+ Nxd5 34. Rd2 Rad8 35. Nd7 Rf5 36. Kf2 Kg7 37. Kf3 Nc3 38. Rc2 Nxb5 39. Kg4 Nd6 40.
Nc5 h5+ 41. Kf3 Re8 42. Rb2 Ree5 43. Nd7 Rxa5 44. Re2 Ra3+ 45. Kf2 Re3 46. Rd2 Ne4+ 47. Kf1 Nxd2+ 48. Kf2 Rc3 0-1

[Event "Jeux du Barreau 2019"]
[Site "Paris, France"]
[Date "2019.07.10"]
[Round "2.9"]
[White "Rabbe, Laurent"]
[Black "Constant, Arnaud"]
[Result "0-1"]
[TimeControl "15+3"]
[WhiteElo "1399"]
[BlackElo "1399"]

1. d4 Nf6 2. c4 d5 3. Bg5 Nc6 4. e3 Ne4 5. Nf3 Bg4 6. Nc3 Nxg5 7. Bd3 e6 8. O-O Qf6 9. Qa4 Bxf3 10.
gxf3 Qxf3 11. Rfe1 Nh3+ 12. Kf1 Qxf2# 0-1

[Event "Jeux du Barreau 2019"]
[Site "Paris, France"]
[Date "2019.07.10"]
[Round "2.10"]
[White "Danon, Agnes"]
[Black "Lepetit, Jean Pierre"]
[Result "0-1"]
[TimeControl "15+3"]
[WhiteElo "1199"]
[BlackElo "1078"]

1. Nf3 Nc6 2. g3 e5 3. Bh3 d5 4. g4 Be6 5. O-O Qd7 6. Ng5 O-O-O 7. e4 Be7 8. d3 h6 9. Nxe6 fxe6 10. Nc3 Bh4 11. Be3 d4 12.
Qf3 Nge7 13. Nb5 Ng6 14. Bd2 Rhf8 15. Qg2 Nf4 16. Bxf4 Rxf4 17. b4 Rdf8 18. f3 Nxb4 19. Rac1 g5 20.
c4 Nxd3 21. Nxa7+ Kb8 22. Rcd1 Nc5 23. Nb5 d3 24. Nc3 Qd4+ 25. Qf2 Rxf3 26. Rd2 Rxf2 27. Rfxf2 Rxf2 28. Rxf2 Qxc3 29. Rf8+ Ka7 30.
a4 d2 31. Rd8 Qc1+ 32. Bf1 d1=Q 33. Rxd1 Qxd1 34. a5 Nxe4 35. Kg2 Qxg4+ 0-1

[Event "Jeux du Barreau 2019"]
[Site "Paris, France"]
[Date "2019.07.10"]
[Round "3.1"]
[White "Rachid, Danial"]
[Black "Mungunkhuu, Mijgee"]
[Result "0-1"]
[TimeControl "15+3"]
[WhiteElo "2020"]
[BlackElo "2219"]

1. e4 d6 2. Nf3 Nd7 3. Bc4 h6 4. d3 c6 5. Bb3 e5 6. O-O Be7 7. h3 Ngf6 8. Nh2 Nc5 9. f4 Nxb3 10.
axb3 Qc7 11. Nc3 Bd7 12. Be3 O-O 13. f5 b5 14. g4 b4 15. Ne2 d5 16. Ng3 Nh7 17. Nf3 a5 18. h4 Qd8 19.
Kg2 Bxh4 20. Nxh4 Qxh4 21. Rh1 Qf6 22. Nh5 Qd6 23. Nxg7 Kxg7 24. Rxh6 Qxh6 25. Bxh6+ Kxh6 26. Qh1+ Kg7 27.
Qh5 Rg8 28. Rh1 Kf6 29. Qxh7 Rxg4+ 30. Kf2 Rag8 31. Rh6+ Ke7 32. f6+ Ke6 33. Rh2 R8g6 34. Qh5 Kd6 35. exd5 cxd5 36. Qh8 Rg8 37. Qh6 R4g6 38. Qh4 Rg4 39. Qh6 R4g6 40. Qe3 d4 41.
Qe4 Bc6 42. Qh4 Rg4 43. Qh6 Rf4+ 44. Ke2 Rfg4 45. Rf2 Bd7 46. Qh7 Be6 47. Qh1 Bd5 48. Qa1 Ra8 49. Qf1 Rag8 50. Qh3 Rg3 51. Qh4 Be6 52. Kd2 Rg1 53.
c3 bxc3+ 54. bxc3 R1g4 55. Qh2 dxc3+ 56. Kxc3 Rc8+ 57. Kd2 Bxb3 58. Re2 Rc2+ 59. Ke1 Rc1+ 60. Kd2 Rc5 61.
Qh8 Rc2+ 62. Ke1 Rg1+ 63. Kf2 Rxe2+ 64. Kxe2 a4 65. Qd8+ Ke6 66. Qe7+ Kf5 67. Qd7+ Kg6 68. Qa7 Rg5 69. Qe3 Kxf6 70. Qf2+ Kg6 71. Qb6+ Kg7 72. Qb8 Be6 73. Kd2 a3 74. Qa7 a2 75. Kc3 Rg2 76.
Kb4 Rb2+ 77. Kc3 Rb1 0-1

[Event "Jeux du Barreau 2019"]
[Site "Paris, France"]
[Date "2019.07.10"]
[Round "3.2"]
[White "Vandeweeghe, Simon"]
[Black "Aflalo, Sophie"]
[Result "1-0"]
[TimeControl "15+3"]
[WhiteElo "2036"]
[BlackElo "2094"]

1. d4 Nf6 2. Nf3 g6 3. c4 c5 4. Nc3 Bg7 5. g3 O-O 6. Bg2 cxd4 7. Nxd4 Nc6 8. O-O Qb6 9. Nb3 d6 10. Be3 Qb4 11. c5 d5 12. a3 Qg4 13. Nxd5 Nxd5 14. Bxd5 Rd8 15. Bxc6 Rxd1 16. Raxd1 bxc6 17.
Rd8+ Bf8 18. Bh6 Bb7 19. Rfd1 Qxe2 20. Bxf8 Rxd8 21. Rxd8 f6 22. Bh6+ Kf7 23. Rf8+ 1-0

[Event "Jeux du Barreau 2019"]
[Site "Paris, France"]
[Date "2019.07.10"]
[Round "3.3"]
[White "Gautier, Joel"]
[Black "Chanel, Virgile"]
[Result "0-1"]
[TimeControl "15+3"]
[WhiteElo "1975"]
[BlackElo "1991"]

1. e4 d6 2. Nf3 Nf6 3. d3 e5 4. g3 Be7 5. Bg2 O-O 6. O-O c6 7. h3 Nbd7 8. Re1 Qc7 9. c3 b5 10.
d4 a5 11. Be3 Re8 12. Nbd2 c5 13. a4 b4 14. d5 Rf8 15. Nc4 Ba6 16. Nfd2 Nb6 17. Nxb6 Qxb6 18. Bf1 Nd7 19. Bxa6 Qxa6 20. cxb4 cxb4 21. b3 Rac8 22.
Nc4 f5 23. exf5 Rxf5 24. Qg4 Rcf8 25. Red1 g6 26. Qe2 Bd8 27.
Qd3 R5f6 28. Nxe5 dxe5 29. Qe4 Bb6 30. Bxb6 Qxb6 31. Rac1 Rxf2 32. Kh1 Qf6 33. Qc4 Qf3+ 0-1

[Event "Jeux du Barreau 2019"]
[Site "Paris, France"]
[Date "2019.07.10"]
[Round "3.4"]
[White "Spirta, Boris"]
[Black "Leblic, Maximilien"]
[Result "1-0"]
[TimeControl "15+3"]
[WhiteElo "1811"]
[BlackElo "1289"]

1. e4 e5 2. Nf3 Nc6 3. Bc4 Nd4 4.
Nxd4 exd4 5. O-O Bc5 6. Bxf7+ Kxf7 7. Qh5+ g6 8. Qxc5 Ne7 9. Qxd4 Nc6 10. Qe3 d6 11. b3 Qf6 12. Qf3 Qxf3 13.
gxf3 Nb4 14. Na3 Bh3 15. Re1 Rae8 16. Bb2 Rhf8 17. Re3 Bd7 18. c3 Nc6 19. d4 Kg8 20. Rae1 Ne7 21. Nc4 b5 22.
Nd2 c6 23. e5 Nf5 24. Re4 d5 25. R4e2 Nh4 26. e6 Bc8 27. e7 Rf7 28. Ba3 Rxf3 29. Re6 Bxe6 30. Rxe6 Rd3 31. Rf6 Rxe7 32.
Bxe7 Rxd2 33. f3 Nf5 34. Bc5 Kg7 35. Rxc6 h5 36. c4 bxc4 37. bxc4 Nxd4 38. Bxd4+ Rxd4 39. cxd5 Rxd5 40. Rc7+ Kf6 41. Rxa7 Kf5 42. a4 Kf4 43. Kf2 Rd2+ 44. Ke1 Rd3 45. a5 Kxf3 46. a6 Ra3 47. Ra8 Ke3 48. Kd1 Kd3 49. Kc1 Kc3 50. Kb1 Ra5 51. a7 g5 52. Rc8+ Kb3 53. a8=Q 1-0

[Event "Jeux du Barreau 2019"]
[Site "Paris, France"]
[Date "2019.07.10"]
[Round "3.5"]
[White "Clair, Michael"]
[Black "Constant, Arnaud"]
[Result "1-0"]
[TimeControl "15+3"]
[WhiteElo "1726"]
[BlackElo "1399"]

1. e4 e5 2. Nf3 Nc6 3. Bb5 Nf6 4. O-O Bc5 5. Re1 O-O 6. c3 d6 7. d4 Bb6 8. h3 Re8 9. Bxc6 bxc6 10.
dxe5 dxe5 11. Qxd8 Rxd8 12. Nxe5 Bb7 13. Bg5 Rd6 14. Na3 Re8 15. Nac4 Rde6 16. Bxf6 Rxf6 17. Nd7 Rf4 18. Ndxb6 axb6 19.
Nd2 c5 20. f3 h6 21. Rad1 Ra8 22. a3 Re8 23. Nf1 Re6 24. Rd8+ Kh7 25. Red1 f5 26. exf5 Rxf5 27. Rb8 Bc6 28. Kf2 Bb5 29. Ng3 Rf7 30.
Rdd8 Rd7 31. Rxd7 Bxd7 32. Rd8 Bb5 33. Ne4 Bc4 34. Rd7 c6 35. Rd6 Rxd6 36. Nxd6 Bd5 37. Ke3 Kg6 38. Kf4 h5 39.
Ne8 Bf7 40. Nd6 b5 41. Nxf7 Kxf7 42. Ke5 Ke7 43. g4 hxg4 44. hxg4 Kf7 45. Kd6 Kf6 46. Kxc6 c4 47. Kxb5 1-0

[Event "Jeux du Barreau 2019"]
[Site "Paris, France"]
[Date "2019.07.10"]
[Round "3.6"]
[White "Abulius, Thomas"]
[Black "Beaulier, Benjamin"]
[Result "1-0"]
[TimeControl "15+3"]
[WhiteElo "1390"]
[BlackElo "1658"]

1. d4 Nf6 2. c4 e6 3.
Nf3 d5 4. Bf4 Bd6 5. Bg3 c5 6. e3 Nc6 7. Nc3 O-O 8. Bxd6 Qxd6 9. Nb5 Qe7 10. dxc5 Qxc5 11. Rc1 a6 12. cxd5 Qb4+ 13.
Nc3 Nxd5 14. Qd2 Rd8 15. Nxd5 Rxd5 16. Qxb4 Nxb4 17. Bc4 Rc5 18. Ke2 Bd7 19. Rhd1 Bc6 20. a3 Bxf3+ 21. Kxf3 Nc6 22.
Ke2 Ne5 23. Ba2 Rxc1 24. Rxc1 Nc6 25. Bb1 Rd8 26. Be4 Rd6 27. Bxc6 Rxc6 28. Rxc6 bxc6 29. Kd3 Kf8 30. Kc4 Ke7 31.
Kc5 Kd7 32. Kb6 Kd6 33. Kxa6 Kc5 34. Ka5 f5 35. b4 Kd5 36. Kb6 g5 37. a4 e5 38. a5 e4 39. a6 f4 40. a7 1-0

[Event "Jeux du Barreau 2019"]
[Site "Paris, France"]
[Date "2019.07.10"]
[Round "3.7"]
[White "Lepetit, Jean Pierre"]
[Black "Sainson, Michael"]
[Result "0-1"]
[TimeControl "15+3"]
[WhiteElo "1078"]
[BlackElo "1584"]

1. e4 e5 2. Nf3 Nc6 3. Bb5 a6 4. Ba4 Nf6 5. O-O b5 6. Bb3 Be7 7. c3 d6 8. Re1 Bg4 9. h3 Bh5 10.
d3 O-O 11. Nbd2 Na5 12. Bc2 c5 13.
Re3 h6 14. Qe1 Nh7 15. Nf1 Ng5 16. Nh4 Nxe4 17. dxe4 Bxh4 18. Ng3 Bg6 19. Nf5 Bxf5 20. exf5 Bg5 21. Rg3 Bxc1 22. Rxc1 Nc4 23.
Rd1 Nxb2 24. Rd2 Nc4 25. Rdd3 Na3 26. Bd1 Nc4 27. Qe4 Qf6 28. Bh5 Rfd8 29. Qd5 Qxf5 30. Bg6 Qe6 31. Qf3 fxg6 32.
Qe4 Qf5 33. Qxf5 gxf5 34. Rg6 f4 35. g3 Rf8 36. gxf4 exf4 37. Rd5 Rf6 38. Rxf6 gxf6 39.
Kg2 Kg7 40. Kf3 Re8 41. Kxf4 Re2 42. Kf3 Rxa2 43. h4 Rc2 44. Rd3 Ne5+ 0-1

[Event "Jeux du Barreau 2019"]
[Site "Paris, France"]
[Date "2019.07.10"]
[Round "3.8"]
[White "Levy, David"]
[Black "Delage, Pierre Luc"]
[Result "1-0"]
[TimeControl "15+3"]
[WhiteElo "1511"]
[BlackElo "1399"]

1. d4 d5 2. c4 e6 3. Nc3 Nf6 4. Nf3 Nc6 5. Bg5 Be7 6. e3 O-O 7. Bd3 Nh5 8. Bxe7 Qxe7 9. cxd5 exd5 10.
Nxd5 Qd6 11. Nc3 Nf6 12. O-O Bg4 13. Be2 Bf5 14. a3 Ne4 15. Nxe4 Bxe4 16. Bd3 Qg6 17. Bxe4 Qxe4 18. Rc1 Rad8 19.
Qc2 Qg4 20. h3 Qh5 21. Qc5 Rd5 22. Qc4 Rfd8 23. Rfd1 Qf5 24. Qd3 Qh5 25. Rc3 Qf5 26. Qxf5 Rxf5 27. Rdc1 h6 28. Rc5 Rxc5 29. Rxc5 Rc8 30.
Kf1 Ne7 31. Ke2 c6 32. e4 Ng6 33. g3 Rd8 34. Ke3 Ne7 35. Ne5 f6 36. Nd3 Kf7 37. Nb4 g6 38. a4 f5 39. f3 fxe4 40. fxe4 Re8 41. g4 Kg7 42.
a5 Kf7 43. Kd3 b6 44. axb6 axb6 45. Rc2 Rc8 46. Ke3 Ke6 47. d5+ cxd5 48. Rxc8 Nxc8 49. Nxd5 Ke5 50. b3 b5 51. Nc3 b4 52.
Nd5 Nd6 53. Nxb4 Nb5 54. Nd3+ Kd6 55. b4 Kc6 56. Ne5+ Kb6 57. Nxg6 Nd6 58. e5 Nc4+ 59. Kd4 Nxe5 60. Nxe5 Kb5 61. Nd3 Kc6 62. Ke5 Kb5 63. Kf6 Kc6 64.
Kg6 Kd6 65. Kxh6 Ke6 66. g5 Kf7 67.
b5 Ke7 68. b6 Kd7 69. g6 Ke7 70.
b7 Kd7 71. b8=Q Ke7 72. Qe5+ Kd7 73.
Nc5+ Kd8 74. Qg7 Kc8 75. Qd7+ Kb8 76. Qb7# 1-0

[Event "Jeux du Barreau 2019"]
[Site "Paris, France"]
[Date "2019.07.10"]
[Round "3.9"]
[White "Mangenot, Valentin"]
[Black "De Vareilles-Sommier, Ferdinand"]
[Result "1-0"]
[TimeControl "15+3"]
[WhiteElo "1405"]
[BlackElo "1399"]

1. d4 d5 2. c4 dxc4 3. Nc3 Nc6 4. Nf3 Bg4 5. d5 Bxf3 6. exf3 Nb4 7. Qa4+ c6 8. Qxb4 cxd5 9. Qb5+ Qd7 10.
Qxd5 Qxd5 11. Nxd5 Rc8 12. Be3 a6 13. Nb6 Rc6 14. Nxc4 g6 15. g3 Bg7 16. Rb1 Nf6 17. b3 b5 18. Nb2 Re6 19. Bg2 O-O 20.
O-O Nd5 21. Rfe1 Nc3 22. Rbc1 Nxa2 23. Rc2 Nb4 24. Rce2 Nc6 25. f4 Na5 26. b4 Nc4 27. Nxc4 bxc4 28. Bd5 Rb6 29. Bxc4 Rxb4 30. Bxa6 Ra8 31.
Bc5 Rb3 32. Bc4 Rc3 33. Bxf7+ Kxf7 34. Rxe7+ Kf8 35. Re8+ Kf7 36. R1e7+ Kf6 37. Bd4+ Kf5 38. Bxc3 1-0

[Event "Jeux du Barreau 2019"]
[Site "Paris, France"]
[Date "2019.07.10"]
[Round "3.10"]
[White "Lanoe-Campbell, Luca"]
[Black "Danon, Agnes"]
[Result "1-0"]
[TimeControl "15+3"]
[WhiteElo "1379"]
[BlackElo "1199"]

1. e4 e5 2. Nf3 Nc6 3. d4 Bd6 4. d5 Nd4 5. Nxd4 exd4 6. Qxd4 Nf6 7. e5 c5 8. Qf4 Nh5 9. Qe3 Bb8 10.
Be2 Qh4 11. g3 Qd4 12. Bxh5 O-O 13. Qxd4 cxd4 14. Bf4 Re8 15. d6 Bxd6 16. Nd2 Bxe5 17. O-O-O g6 18. Be2 d6 19. Bb5 Re7 20.
Bxe5 Rxe5 21. Bd3 Bg4 22. f3 Be6 23. f4 Re3 24. a3 Rc8 25. Kb1 b5 26. Bxb5 Rc5 27. Bd3 a5 28. Rhe1 Bg4 29.
Rc1 a4 30. Rxe3 dxe3 31. Ne4 f6 32. Nxf6+ Kg7 33. Nxg4 h6 34. Nxe3 d5 35. b4 Rc3 36. b5 Rxa3 37. Kb2 d4 38.
Nd5 Rxd3 39. cxd3 h5 40. b6 Kf7 41.
b7 Ke6 42. b8=Q Kxd5 43. Qb5+ Kd6 44. Rc6+ 1-0